AoeStats
← TKBXPT2214

Black Forest

505468026Analyzed
4v4 RM · 24d ago on Sep 9, 2026· 40m 38s· 8 players
Game mode
Random Map
Map size
Large (8 player)
Population
200
Speed
Normal
Resources
Standard
Victory
Conquest
Starting age
Dark Age
Ending age
Imperial Age
RankedLock teamsTeams togetherTeam positionsShared explorationLock speedFull tech treeHidden civsTurbo modeCheats
Victory
Defeat
🇭🇺 Armenians · Hungary
1052
+16
🇦🇷 Goths · Argentina
1042
+17
🇦🇷 Celts · Argentina
1040
+46
🇸🇪 Persians · Sweden
1039
+17
🇦🇷 Franks · Argentina
1087
-18
🇨🇳 Spanish · China
1081
-18
🇭🇰 Mongols · Hong Kong SAR China
1074
-17
🇧🇷 Franks · Brazil
993
-14
Lennart Torstenson
7:42 Loom
12:05 Feudal Age
13:25 Horse Collar
13:32 Double-Bit Axe
16:26 Castle Age
17:35 Bow Saw
17:56 Heavy Plow
19:02 Stone Mining
22:37 Wheelbarrow
25:52 Hand Cart
26:28 Gold Mining
27:13 Stone Shaft Mining
28:06 Bloodlines
27:56 Husbandry
28:28 Scale Barding Armor
28:34 Forging
30:00 Chain Barding Armor
33:23 Imperial Age
32:11 Iron Casting
34:40 Blast Furnace
34:16 Plate Barding Armor
34:05 Conscription
33:51 Cavalier
34:58 Savar
36:02 Guilds
you go die
0:57 Loom
12:52 Feudal Age
13:58 Double-Bit Axe
17:17 Castle Age
16:10 Horse Collar
16:32 Gold Mining
16:33 Stone Mining
18:57 Bow Saw
26:11 Wheelbarrow
26:04 Heavy Plow
32:13 Imperial Age
30:42 Hand Cart
30:12 Town Watch
31:18 Forging
31:08 Scale Mail Armor
31:21 Squires
31:01 Pikeman
31:36 Town Watch
32:45 Iron Casting
32:39 Town Patrol
32:56 Caravan
33:26 Coinage
33:59 Chemistry
33:20 Ballistics
32:28 Halberdier
32:28 Man-at-Arms
33:20 Perfusion
33:10 Long Swordsman
35:23 Two-Man Saw
34:45 Chain Mail Armor
35:31 Blast Furnace
34:40 Anarchy
35:33 Two-Handed Swordsman
35:39 Elite Huskarl
36:11 Fletching
36:21 Padded Archer Armor
36:27 Scale Barding Armor
37:35 Champion
30Wololo
3:37 Loom
11:05 Feudal Age
11:19 Man-at-Arms
11:55 Double-Bit Axe
12:20 Long Swordsman
13:50 Arson
18:17 Wheelbarrow
18:45 Scale Mail Armor
20:14 Town Watch
20:15 Horse Collar
24:49 Castle Age
23:39 Stone Mining
23:39 Gold Mining
24:49 Pikeman
26:24 Gold Shaft Mining
25:59 Bow Saw
26:25 Gold Shaft Mining
26:00 Bow Saw
25:55 Heavy Plow
26:07 Squires
26:54 Halberdier
27:56 Fletching
29:25 Bodkin Arrow
31:50 Chain Mail Armor
35:22 Imperial Age
35:05 Ballistics
36:32 Conscription
36:14 Bracer
37:21 Chemistry
36:41 Elite Composite Bowman
37:50 Padded Archer Armor
38:13 Guilds
38:38 Elite Skirmisher
39:39 Leather Archer Armor
40:08 Hand Cart
40:07 Town Patrol
41:30 Ring Archer Armor
zaxwers
11:28 Feudal Age
16:41 Castle Age
14:49 Double-Bit Axe
19:55 Bow Saw
33:19 Wheelbarrow
36:50 Hand Cart
37:35 Elite Skirmisher
42:38 Imperial Age
hqitbkv
0:30 Loom
12:45 Feudal Age
16:47 Castle Age
18:46 Stone Mining
21:52 Horse Collar
23:15 Double-Bit Axe
26:13 Heavy Plow
29:07 Wheelbarrow
28:32 Gold Mining
30:38 Bow Saw
31:09 Gold Shaft Mining
种田美眉
1:12 Loom
13:11 Feudal Age
18:57 Castle Age
16:45 Double-Bit Axe
22:44 Bow Saw
23:30 Town Watch
32:41 Imperial Age
30:48 Wheelbarrow
30:13 Town Patrol
30:57 Husbandry
31:10 Forging
31:08 Scale Barding Armor
31:29 Fletching
32:15 Gold Mining
33:04 Iron Casting
32:27 Bodkin Arrow
32:54 Cavalier
34:19 Conscription
34:09 Chivalry
35:44 Hand Cart
37:11 Gold Shaft Mining
37:14 Chain Barding Armor
37:54 Blast Furnace
38:02 Blast Furnace
TKBXPT2214
4:29 Loom
11:28 Feudal Age
13:13 Wheelbarrow
24:11 Castle Age
25:34 Hand Cart
26:07 Gold Mining
26:05 Double-Bit Axe
种田低手
10:53 Feudal Age
14:22 Castle Age
12:17 Double-Bit Axe
12:34 Horse Collar
22:15 Bow Saw
23:30 Heavy Plow
24:52 Wheelbarrow
24:12 Stone Mining
24:12 Gold Mining
28:17 Imperial Age
25:37 Loom
26:34 Hand Cart
26:10 Town Watch
27:03 Padded Archer Armor
27:45 Stone Shaft Mining
28:02 Leather Archer Armor
28:06 Husbandry
28:16 Bloodlines
29:33 Ring Archer Armor
29:14 Guilds
30:06 Chemistry
30:17 Two-Man Saw
29:55 Conscription
29:15 Elite Conquistador
30:51 Coinage
30:50 Fletching
31:42 Bodkin Arrow
32:17 Banking
34:32 Supremacy
34:58 Fortified Wall
35:31 Hoardings
35:16 Town Patrol
37:37 Forging
38:09 Masonry
38:20 Ballistics
37:56 Murder Holes
Connection lost

Rejoining the realm…

Still unreachable

The connection could not be restored.

Session expired

The server has moved on; the page needs a fresh start.